 Dungeon Crawl Stone Soup version 0.24-a0-536-gdd4cf15266 (webtiles) character file.

Game seed: 12732297437438095635

309 Delarado the Changer (level 6, -1/38 HPs)
             Began as an Octopode Transmuter on Aug 11, 2019.
             Succumbed to an orc wizard's poison
             ... on level 4 of the Dungeon.
             The game lasted 00:18:56 (4986 turns).

Delarado the Changer (Octopode Transmuter)          Turns: 4986, Time: 00:18:57

Health: -1/38      AC:  2    Str: 10    XL:     6   Next: 41%
Magic:  7/9        EV: 19    Int: 17    God:
Gold:   169        SH:  0    Dex: 17    Spells: 3/9 levels left

rFire    . . .     SeeInvis .     - Unarmed
rCold    . . .     Gourm    .   (shield currently unavailable)
rNeg     . . .     Faith    .   (helmet currently unavailable)
rPois    x         Spirit   .   (no amulet)
rElec    .         Reflect  .   j - ring of protection from magic
rCorr    .         Harm     .   (no ring)
MR       +....                  (no ring)
Stlth    ++........             (no ring)
HPRegen  0.12/turn              (no ring)
MPRegen  0.11/turn              (no ring)
                                (no ring)
                                (no ring)

@: lethally poisoned (-1 -> -21), spider-form
A: tiny, almost no armour, stealthy swim, (amphibious), 8 rings, (constrict 8)
a: End Transformation


You were on level 4 of the Dungeon.
You were very hungry.
You were a venomous arachnid creature.
You visited 2 branches of the dungeon, and saw 5 of its levels.

You collected 169 gold pieces.

Inventory:

Missiles
 a - 63 arrows
 b - 121 stones (quivered)
Jewellery
 j - a ring of protection from magic (left front leg)
Wands
 p - a wand of acid (5)
Scrolls
 h - 2 scrolls of remove curse
 n - 2 scrolls of noise {unknown}
 q - a scroll of teleportation {unknown}
 r - a scroll of blinking {unknown}
 u - a scroll of magic mapping {unknown}
Potions
 d - 2 potions of degeneration {unknown}
 e - 5 potions of curing {unknown}
 f - 2 potions of lignification {unknown}
 i - a potion of might {unknown}
 k - a potion of brilliance
 l - a potion of heal wounds {unknown}
 m - a potion of ambrosia
 o - 2 potions of magic {unknown}
 s - a potion of flight {unknown}
 v - a potion of mutation {unknown}
Comestibles
 c - 7 rations


   Skills:
 - Level 1.0 Fighting
 - Level 2.0 Dodging
 - Level 3.0 Unarmed Combat
 - Level 2.0 Spellcasting
 + Level 5.1 Transmutations
 - Level 4.7 Poison Magic


You had 3 spell levels left.
You knew the following spells:

 Your Spells              Type           Power        Failure   Level  Hunger
a - Beastly Appendage     Tmut           ###...       9%          1    #......
b - Sticks to Snakes      Tmut           ###.....     12%         2    ###....
c - Spider Form           Tmut/Pois      ###.......   21%         3    ###....

Your spell library contained the following spells:

 Spells                   Type           Power        Failure   Level  Hunger
 Blade Hands              Tmut           ###.......   75%         5    ######.
 Ice Form                 Ice/Tmut       ##......     77%         4    #####..


Dungeon Overview and Level Annotations

Branches:
Dungeon (4/15)             Temple (1/1) D:4

Altars:
Ashenzari
Dithmenos
Elyvilon
Fedhas
Gozag
Kikubaaqudgha
Makhleb
Nemelex Xobeh
Okawaru
Ru
Sif Muna
Trog
Uskayaw
Vehumet
Wu Jian
Zin
The Shining One


Innate Abilities, Weirdness & Mutations

You cannot wear most types of armour.
You are very stealthy in the water. (Stealth+)
((You are amphibious.))
You can wear up to eight rings at the same time.
((You can use your tentacles to constrict eight enemies at once.))
((Your skin changes colour to match your surroundings (Stealth+).))
((Your rubbery body absorbs attacks. (AC +1, EV +1)))


Message History

You hit the orc priest.
The orc priest is almost dead.
* * * LOW HITPOINT WARNING * * *
You feel sick. The orc priest completely misses you.
The orc wizard gestures at you while chanting.
The puff of frost misses you. The orc misses you.
You hit the orc priest but do no damage.
The orc priest looks even sicker.
The orc priest is almost dead.
* * * LOW HITPOINT WARNING * * *
You feel sick.
The orc priest invokes the aid of Beogh against you.
Beogh smites you!
* * * LOW HITPOINT WARNING * * *
The orc wizard hits you but does no damage.
You are more poisoned.
You hit the orc priest but do no damage.
The orc priest looks as sick as possible!
The orc priest is almost dead.
You die...

#.# #.#.# #.#
#.o.###.### #.#
#.......... #.#
###.###.## #.# #.##
#.# #..## # #.#
########...#.# #.#
#......oo....#.#
#.#########so....#.#
#..........).......#
#####.##<..)#....#.#
#..(.##......#..#
######)#).#).#...##.##
#.....<)##.#.##.###.#
#...>..###.#....# #.#
#.....#....#..### #.#
#......#####..# #.#


You could see an orc priest, an orc wizard and an orc.

Vanquished Creatures
  An orc priest (D:4)
  2 orc wizards
  A worker ant (D:4)
  Robin (D:4)
  A gnoll (D:1)
  4 adders
  An ooze (D:3)
  3 worms
  3 dart slugs
  3 leopard geckos
  16 orcs
  4 giant cockroaches
  15 goblins
  12 hobgoblins
  8 jackals
  A quokka (D:2)
  A ball python (D:3)
  6 bats
  6 frilled lizards
  8 kobolds
  7 rats
104 creatures vanquished.

Vanquished Creatures (collateral kills)
  An orc (D:3)
  3 jackals (D:3)
  A kobold (D:3)
  A rat (D:3)
6 creatures vanquished.

Grand Total: 110 creatures vanquished

Notes
Turn   | Place    | Note
-------+----------+-------------------------------------------
     0 | D:1      | Delarado the Octopode Transmuter began the quest for the
                  | Orb.
     0 | D:1      | Reached XP level 1. HP: 13/13 MP: 3/3
   136 | D:1      | Reached XP level 2. HP: 18/18 MP: 3/5
   146 | D:1      | Learned a level 2 spell: Sticks to Snakes
   593 | D:1      | Reached skill level 3 in Transmutations
   631 | D:1      | Reached XP level 3. HP: 23/23 MP: 4/6
   636 | D:1      | Learned a level 3 spell: Spider Form
   939 | D:2      | Reached skill level 1 in Poison Magic
  1111 | D:2      | Found a radiant altar of Vehumet.
  1111 | D:2      | Found a hide-covered altar of Uskayaw.
  1127 | D:2      | Found an iron altar of Okawaru.
  1600 | D:2      | Reached XP level 4. HP: 23/28 MP: 5/7
  2502 | D:3      | Reached XP level 5. HP: 15/33 MP: 8/8
  2911 | D:3      | Found an ornate altar of the Wu Jian Council.
  3788 | D:4      | Found a staircase to the Ecumenical Temple.
  3800 | Temple   | Entered the Ecumenical Temple
  3909 | D:4      | Reached skill level 4 in Transmutations
  3930 | D:4      | Reached XP level 6. HP: 29/38 MP: 4/9
  4239 | D:4      | Noticed Robin
  4444 | D:4      | Reached skill level 5 in Transmutations
  4453 | D:4      | Killed Robin
  4540 | D:4      | HP: 1/38 [worker ant (7)]
  4985 | D:4      | HP: 1/38 [orc priest/divine providence (8)]
  4986 | D:4      | Succumbed to an orc wizard's poison

Levels and vault maps discovered:
D:1:      minmay_arrival_diagonal_passages, layout_basic,
          minmay_misc_feat_diagonals
D:2:      layout_loops_ring, grunt_temple_overflow_open
D:3:      layout_basic, lemuel_crystal_altar, minmay_fractal_squares_diagonal_5
D:4:      layout_loops_ring, minmay_temple_entry_junction_2,
          portal_sewer_entry_d, uniq_robin
Temple:   cyrus_circular_temple

Skill      XL: |  1  2  3  4  5  6 |
---------------+-------------------+-----
Transmutations | 3 4 5 |  5.1
Poison Magic   | 2 3 4 |  4.7
Fighting       | |  1.0
Dodging        | |  2.0
Unarmed Combat | |  3.0
Spellcasting   | |  2.0

Action                   |  1- 3 |  4- 6 || total
-------------------------+-------+-------++-------
Melee: Unarmed           |    76 |   159 ||   235
       Constrict         |    26 |    29 ||    55
       Kick              |    22 |    24 ||    46
       Tentacles         |    11 |    17 ||    28
       Punch             |       |     4 ||     4
Throw: Stone             |    21 |    48 ||    69
 Cast: Beastly Appendage |    27 |    23 ||    50
       Sticks to Snakes  |       |     7 ||     7
       Spider Form       |       |     7 ||     7
  Use: Scroll            |       |     4 ||     4
       Potion            |       |     1 ||     1
 Stab: Sleeping          |     5 |       ||     5
  Eat: Chunk             |     3 |    11 ||    14
Armor: Skin              |     5 |     5 ||    10
Dodge: Dodged            |    56 |   101 ||   157

Table legend:
 A = Non-vault XP
 B = Vault XP
 C = Vault XP percentage of total XP
 D = Non-vault monster count
 E = Vault monster count
 F = Vault count percentage of total count
                 A         B        C        D         E       F
            +---------+---------+-------+---------+---------+-------
      Total |     385 |      57 |  12.9 |      93 |      17 |  15.5
            +---------+---------+-------+---------+---------+-------
        D:1 |      45 |       0 |   0.0 |      21 |       0 |   0.0
        D:2 |      64 |       0 |   0.0 |      25 |       0 |   0.0
        D:3 |     129 |      18 |  12.2 |      34 |       4 |  10.5
        D:4 |     145 |      39 |  21.2 |      12 |      13 |  52.0
     Temple |       2 |       0 |   0.0 |       1 |       0 |   0.0
            +---------+---------+-------+---------+---------+-------
